 Dungeon Crawl Stone Soup version 0.26-a0-612-gd4d190f45e (webtiles) character file.

Game seed: 300541436813606114

114 Peloso the Skirmisher (level 4, -3/35 HPs)
             Began as a Demonspawn Fighter on Sept 10, 2020.
             Killed from afar by an orc wizard (5 damage)
             ... with a magic dart
             ... on level 4 of the Dungeon.
             The game lasted 00:04:37 (2801 turns).

Peloso the Skirmisher (Demonspawn Fighter)          Turns: 2801, Time: 00:04:37

Health: -3/35      AC: 10    Str: 17    XL:     4   Next: 66%
Magic:  4/4        EV:  7    Int: 10    God:
Gold:   127        SH:  9    Dex: 12    Spells: 3/3 levels left

rFire    . . .     SeeInvis .   a - +0 long sword
rCold    . . .     Faith    .   c - +0 kite shield
rNeg     . . .     Spirit   .   h - +1 scale mail {MR+}
rPois    .         Reflect  .   (no helmet)
rElec    .         Harm     .   l - +0 cloak
rCorr    .                      i - +0 pair of gloves
MR       +....                  (no boots)
Stlth    ..........             (no amulet)
HPRegen  0.11/turn              (no ring)
MPRegen  0.09/turn              (no ring)

@: mighty
A: demonic guardian 1
a: no special abilities


You were on level 4 of the Dungeon.
You visited 1 branch of the dungeon, and saw 4 of its levels.

You collected 127 gold pieces.

Inventory:

Hand Weapons
 a - a +0 long sword (weapon)
Armour
 b - a +0 scale mail
 c - a +0 kite shield (worn)
 h - a +1 scale mail of magic resistance (worn)
 i - a +0 pair of gloves (worn)
 l - a +0 cloak (worn)
Wands
 s - a wand of polymorph (5)
Scrolls
 e - a scroll of remove curse
 g - 2 scrolls of teleportation
 j - a scroll of noise {unknown}
 k - a scroll of enchant armour {unknown}
 m - a scroll of immolation {unknown}
 n - a scroll of enchant weapon {unknown}
 r - a scroll of identify
Potions
 d - a potion of might
 f - 2 potions of heal wounds {unknown}
 o - a potion of curing
 p - 2 potions of invisibility {unknown}
 q - a potion of flight
 t - a potion of degeneration {unknown}


   Skills:
 + Level 3.5 Fighting
 + Level 2.5 Long Blades
 + Level 3.5 Armour
 + Level 0.2 Dodging
 + Level 3.4 Shields


You had 3 spell levels left.
You didn't know any spells.
Your spell library was empty.

Dungeon Overview and Level Annotations

Branches:
Dungeon (4/15)
 Temple: D:4-7

Altars:
Fedhas

Annotations:
D:3 exclusion: oklob plant
D:4 Sigmund


Innate Abilities, Weirdness & Mutations

A weak demonic guardian rushes to your aid.


Message History

You kill the orc wizard!
Your ufetubus barely misses the orc.
Your ufetubus closely misses the orc.
The orc hits your ufetubus with a +0 flail!
Your ufetubus dies!
The orc shouts!
Unknown command.
Your shield and scale mail prevent you from hitting the orc.
The orc is heavily wounded.
Sigmund says, "Look into my eyes."
Sigmund drinks a potion.
Sigmund seems to grow stronger.
The orc barely misses you.
You riposte.
You barely miss the orc.
The orc is moderately wounded.
Unknown command.
You slash the orc!
You kill the orc!
Sigmund hits you from afar with a +0 scythe!
* * * LOW HITPOINT WARNING * * *
The orc wizard casts a spell at you. The magic dart hits you.
You die...

........##
..[......#
.........#
.........#
.......o.#
.........#
......).)#
.....@)@#
.......##
..#####


You could see Sigmund (strong) and an orc wizard.

Vanquished Creatures
  An orc wizard (D:4)
  2 adders (D:3)
  A worm (D:3)
  2 dart slugs (D:1)
  5 leopard geckos
  2 orcs
  6 bats
  4 giant cockroaches
  5 goblins
  6 hobgoblins (D:1)
  6 kobolds
  A quokka (D:2)
  3 frilled lizards
  9 rats
53 creatures vanquished.

Vanquished Creatures (collateral kills)
  2 orcs (D:4)
2 creatures vanquished.

Vanquished Creatures (others)
  A plant (D:3)
1 creature vanquished.

Grand Total: 56 creatures vanquished

Notes
Turn   | Place    | Note
-------+----------+-------------------------------------------
     0 | D:1      | Peloso the Demonspawn Fighter began the quest for the Orb.
     0 | D:1      | Reached XP level 1. HP: 18/18 MP: 1/1
    34 | D:1      | Gained mutation: A weak demonic guardian rushes to your
                  | aid. [demonic ancestry]
    34 | D:1      | Reached XP level 2. HP: 24/24 MP: 2/2
   437 | D:1      | Reached XP level 3. HP: 29/29 MP: 3/3
  2059 | D:3      | Reached XP level 4. HP: 30/35 MP: 4/4
  2692 | D:3      | Found a blossoming altar of Fedhas.
  2717 | D:3      | Noticed an oklob plant
  2794 | D:4      | Noticed Sigmund
  2801 | D:4      | Killed from afar by an orc wizard

Illustrated notes

Levels and vault maps discovered:
D:1:      wander_arrival_estate, layout_loops_ring
D:2:      layout_basic
D:3:      layout_loops_cross, tgw_fedhas
D:4:      layout_rooms, nicolae_overflow_hidden_temple,
          lightli_ossuary_entry_decrepit_ruins, makhleb_blood_cavern_becter,
          uniq_blork_the_orc, uniq_sigmund

Skill      XL: |  1  2  3 |
---------------+----------+-----
Armour         | 3 |  3.5
Long Blades    | 2 |  2.5
Shields        | 3 |  3.4
Fighting       | |  3.5
Dodging        | |  0.2

Action                   |  1- 3 |  4- 6 || total
-------------------------+-------+-------++-------
Melee: Long sword        |   147 |    23 ||   170
  Use: Scroll            |     4 |       ||     4
       Potion            |       |     1 ||     1
Armor: Scale mail        |    75 |     9 ||    84
Dodge: Dodged            |    48 |     6 ||    54
Block: Kite shield       |    91 |    17 ||   108
       Rpst.: Long sword |    19 |     2 ||    21

Table legend: (Time is in decaauts)
 A = Elapsed time spent in this place.
 B = Non-inter-level travel time spent in this place.
 C = Inter-level travel time spent in this place.
 D = Time resting spent in this place.
 E = Time spent auto-exploring this place.
 F = Levels seen in this place.
 G = Mean time per level.
                   A        B        C        D        E       F      G
               +--------+--------+--------+--------+--------+-----+--------+
         Total |   2862 |   2745 |    117 |      0 |   2097 |   4 |  715.5 |
       Dungeon |   2862 |   2745 |    117 |      0 |   2097 |   4 |  715.5 |
               +--------+--------+--------+--------+--------+-----+--------+

Top non-repeatable levels by time:
     D:3: 1040 daAuts
     D:1: 1000 daAuts
     D:2: 810 daAuts
     D:4: 10 daAuts
